 Dungeon Crawl Stone Soup version 0.25.1-2-g60ff931df9 (webtiles) character file.

Game seed: 6005300135585555770

3980 soggyman666 the Cleaver (level 10, -1/86 HPs)
             Began as a Minotaur Fighter on Nov 5, 2020.
             Was a Priest of Trog.
             Slain by an orc warrior
             ... wielding a +0 war axe
              (12 damage)
             ... in a bailey.
             The game lasted 00:24:27 (7806 turns).

soggyman666 the Cleaver (Minotaur Fighter)          Turns: 7806, Time: 00:24:27

Health: -1/86      AC: 21    Str: 23    XL:     10   Next: 2%
Magic:  13/13      EV:  6    Int:  5    God:    Trog [***...]
Gold:   341        SH: 12    Dex: 11    Spells: 9/9 levels left

rFire    . . .     SeeInvis .   y - +5 hand axe (freeze)
rCold    . . .     Gourm    .   c - +1 kite shield
rNeg     . . .     Faith    .   F - +0 plate armour
rPois    .         Spirit   .   (helmet restricted)
rElec    .         Reflect  .   (no cloak)
rCorr    .         Harm     .   (no gloves)
MR       .....                  w - +2 pair of boots
Stlth    ..........             s - amulet of the acrobat
HPRegen  0.24/turn              C - ring of flight
MPRegen  0.13/turn              k - +4 ring of protection

@: mighty
A: retaliatory headbutt, horns 2
a: Berserk, Trog's Hand, Renounce Religion, Evoke Flight


You were in a bailey.
You worshipped Trog.
Trog was most pleased with you.
You were not hungry.

You visited 2 branches of the dungeon, and saw 8 of its levels.
You also visited: Bailey.

You collected 341 gold pieces.

Inventory:

Hand Weapons
 a - a +0 war axe
 y - a +5 hand axe of freezing (weapon)
 D - a +2 hand axe of electrocution
 E - a +4 hand axe
Missiles
 z - 4 silver javelins (quivered)
Armour
 c - a +1 kite shield (worn)
 w - a +2 pair of boots (worn)
 F - a +0 plate armour (worn)
Jewellery
 g - an uncursed ring of see invisible
 k - a +4 ring of protection (right hand)
 s - an amulet of the acrobat (around neck)
 C - a ring of flight (left hand)
Wands
 b - a wand of polymorph (5)
 m - a wand of disintegration (14)
 u - a wand of enslavement (8)
Scrolls
 e - 3 scrolls of fear
 i - 4 scrolls of enchant weapon
 j - 2 scrolls of remove curse
 q - a scroll of identify
 r - 5 scrolls of teleportation
 H - a scroll of blinking
Potions
 d - a potion of flight
 h - a potion of cancellation {unknown}
 l - 2 potions of stabbing
 n - 9 potions of curing
 o - 2 potions of heal wounds
 p - a potion of berserk rage {unknown}
 t - a potion of ambrosia {unknown}
 v - 2 potions of brilliance {unknown}
 x - a potion of degeneration {unknown}
 G - a potion of haste {unknown}
Comestibles
 f - 20 rations


   Skills:
 + Level 7.1 Fighting
 + Level 10.5 Axes
 + Level 8.0 Armour
 + Level 1.7 Dodging
 + Level 0.3 Stealth
 + Level 7.2 Shields
 * Level 5.7 Evocations


You had 9 spell levels left.
You didn't know any spells.
Your spell library was empty.

Dungeon Overview and Level Annotations

Branches:
Dungeon (7/15)             Temple (1/1) D:4          Bailey (1/1)

Altars:
Ashenzari
Gozag
Hepliaklqana
Nemelex Xobeh
Qazlal
Ru
Trog
Uskayaw
Yredelemnul
The Shining One

Shops:
D:6 :


Innate Abilities, Weirdness & Mutations

You reflexively headbutt those who attack you in melee.
You have a pair of horns on your head.


Message History

Aim: an orc warlord, wielding a +1 vorpal great sword and wearing a +0 plate armour (moderately wounded, chance to defeat MR: 28%)
The orc warlord easily resists.
You block the orc warrior's attack.
The orc warrior hits you but does no damage.
Evoke which item? (* to show all) (? for menu, Esc to quit)
Aiming: Polymorph
Press: ? - help, Shift-Dir - straight line, f/p - orc warlord
Aim: an orc warlord, wielding a +1 vorpal great sword and wearing a +0 plate armour (moderately wounded, chance to defeat MR: 28%)
Okay, then.
Evoke which item? (* to show all) (? for menu, Esc to quit)
Aiming: Disintegrate
Press: ? - help, Shift-Dir - straight line, f/p - orc warlord
Aim: an orc warlord, wielding a +1 vorpal great sword and wearing a +0 plate armour (moderately wounded, chance to defeat MR: 54%)
Okay, then.
Evoke which item? (* to show all) (? for menu, Esc to quit)
Aiming: Enslavement
Press: ? - help, Shift-Dir - straight line, f/p - orc warlord
Aim: an orc warlord, wielding a +1 vorpal great sword and wearing a +0 plate armour (moderately wounded, chance to defeat MR: 28%)
The orc warlord easily resists.
You block the orc warlord's attack.
The orc warrior hits you with a +0 war axe!
You die...

# ### +# #.## #+#.### .###
....# ###.....### ...##
...... ##.........## ....#
....oo##8..........# ....#
....ogo#8..........# ....#
....ogo@.....⌠....∩# ....#
....ooo#8..........# ....#
.....o##8........[.#
...###
......###.........##
.###.###
....###.###))...###
'#.....###.###.....#'#.###
)).......###.........###
..........#...........#
..........#....)......#


You could see an orc warlord, 7 orc warriors, a gnoll, 2 orcs and a goblin.

Vanquished Creatures
  The ghost of hellfireifrit the Poker, a novice DrBe of Trog (D:6)
  Sigmund (D:3)
  Eustachio (D:5)
  2 ice beasts
  Duvessa (D:6)
  9 orc warriors
  A sky beast (D:6)
  A phantom (D:4)
  3 ogres
  A centaur (D:5)
  A bullfrog (D:7)
  Dowan (D:6)
  4 scorpions
  4 wights (D:7)
  3 killer bees (D:7)
  A howler monkey (D:7)
  2 crimson imps
  2 centaur zombies (D:5)
  A hound (D:6)
  A jelly (D:5)
  4 orc priests (D:6)
  A bullfrog skeleton (D:4)
  Ijyb (D:3)
  An iguana (D:7)
  8 orc wizards
  5 worker ants
  A hound zombie (D:6)
  Robin (D:2)
  6 gnolls (Bailey)
  5 adders (D:2)
  A shadow imp (D:5)
  An adder skeleton (D:4)
  5 worms
  5 leopard geckos
  32 orcs
  7 giant cockroaches
  21 goblins
  22 hobgoblins
  9 jackals
  7 kobolds
  6 quokkas
  5 bats
  6 frilled lizards
  A jackal zombie (D:6)
  2 leopard gecko skeletons
  A quokka skeleton (D:6)
  6 rats
211 creatures vanquished.

Notes
Turn   | Place    | Note
-------+----------+-------------------------------------------
     0 | D:1      | soggyman666 the Minotaur Fighter began the quest for the
                  | Orb.
     0 | D:1      | Reached XP level 1. HP: 19/19 MP: 0/0
   320 | D:1      | Reached XP level 2. HP: 17/27 MP: 1/1
  1066 | D:2      | Noticed Robin
  1069 | D:2      | Reached XP level 3. HP: 33/33 MP: 2/2
  1075 | D:2      | Killed Robin
  1075 | D:2      | Reached skill level 3 in Axes
  1287 | D:2      | Reached XP level 4. HP: 41/41 MP: 3/3
  1916 | D:2      | Found a basalt altar of Yredelemnul.
  1921 | D:2      | Reached skill level 4 in Axes
  2341 | D:3      | Noticed Sigmund
  2352 | D:3      | Killed Sigmund
  2352 | D:3      | Reached skill level 5 in Axes
  2352 | D:3      | Reached skill level 1 in Evocations
  2352 | D:3      | Reached XP level 5. HP: 15/47 MP: 3/5
  2352 | D:3      | Reached XP level 6. HP: 17/53 MP: 3/6
  2403 | D:3      | Noticed Ijyb
  2412 | D:3      | Killed Ijyb
  2821 | D:3      | Found a hazy altar of Hepliaklqana.
  3579 | D:4      | Reached skill level 6 in Axes
  3579 | D:4      | Reached skill level 5 in Armour
  3579 | D:4      | Reached skill level 1 in Dodging
  3579 | D:4      | Reached XP level 7. HP: 55/60 MP: 7/7
  3600 | D:4      | Found a staircase to the Ecumenical Temple.
  3611 | D:4      | Reached skill level 5 in Fighting
  3611 | D:4      | Reached skill level 5 in Shields
  3621 | Temple   | Entered the Ecumenical Temple
  3842 | Temple   | Became a worshipper of Trog the Wrathful
  4391 | D:5      | Entered Level 5 of the Dungeon
  4623 | D:5      | Noticed Eustachio
  4626 | D:5      | Reached XP level 8. HP: 67/69 MP: 9/9
  4637 | D:5      | Killed Eustachio
  4637 | D:5      | Reached skill level 7 in Axes
  4857 | D:5      | Reached * piety under Trog
  5036 | D:6      | Found a shattered altar of Ashenzari.
  5096 | D:6      | Found a runed translucent door.
  5096 | D:6      | Noticed hellfireifrit's ghost (novice DrBe)
  5148 | D:6      | Reached skill level 8 in Axes
  5149 | D:6      | Found Wurphidghum's Book Shop.
  5694 | D:6      | Found a sacrificial altar of Ru.
  6152 | D:6      | Noticed Duvessa
  6153 | D:6      | Noticed Dowan
  6157 | D:6      | Killed Duvessa
  6157 | D:6      | Reached XP level 9. HP: 75/78 MP: 11/11
  6158 | D:6      | Killed Dowan
  6355 | D:6      | Killed hellfireifrit's ghost
  6355 | D:6      | Reached skill level 9 in Axes
  6680 | D:7      | Found a glowing golden altar of the Shining One.
  6853 | D:7      | Reached ** piety under Trog
  7238 | D:7      | Reached skill level 5 in Evocations
  7250 | D:7      | Found a flagged portal.
  7363 | Bailey   | Entered a bailey
  7388 | Bailey   | Reached skill level 10 in Axes
  7485 | Bailey   | Reached *** piety under Trog
  7546 | Bailey   | Reached XP level 10. HP: 65/86 MP: 13/13
  7796 | Bailey   | Noticed an orc warlord
  7806 | Bailey   | Slain by an orc warrior

Illustrated notes

Levels and vault maps discovered:
D:1:      shiori_arrival_maze, layout_loops_corners
D:2:      layout_loops_corners, yredelemnul_altar_generic, minmay_hexomino_c4,
          uniq_robin
D:3:      layout_basic, nicolae_overflow_crystal_walls, first_ration,
          minmay_misc_feat_columns, uniq_ijyb, uniq_sigmund
D:4:      layout_rooms, minmay_temple_entry_mist
D:5:      layout_loops_ring, minmay_hedge_maze, uniq_eustachio
D:6:      layout_gridville, ashenzari_altar_1, lemuel_round_altar, serial_shops,
          shop, hellmonk_ghost_happy_afterlife, kennysheep_generic_room_13,
          uniq_duvessa
D:7:      layout_rooms, nicolae_overflow_hidden_temple, enter_bailey_2,
          grunt_livestock, nicolae_tso_carved_into_rock
Temple:   dpeg_chambers_temple
Bailey:   bailey_axe_minmay_hex_keep, bailey

Skill      XL: |  1  2  3  4  5  6  7  8  9 |
---------------+----------------------------+-----
Fighting       | 4 5 6 7 |  7.1
Shields        | 4 5 6 7 |  7.2
Armour         | 4 5 6 8 |  8.0
Axes           | 3 5 6 8 10 | 10.5
Evocations     | 1 2 3 4 5 |  5.7
Dodging        | 1 |  1.7
Stealth        | |  0.3

Action                   |  1- 3 |  4- 6 |  7- 9 | 10-12 || total
-------------------------+-------+-------+-------+-------++-------
Melee: War axe           |    80 |   125 |   184 |       ||   389
       Headbutt          |    11 |    18 |    53 |     2 ||    84
       Unarmed           |       |     2 |       |       ||     2
       Hand axe          |       |       |   123 |    10 ||   133
Evoke: Wand              |       |       |       |     3 ||     3
  Use: Scroll            |     2 |     8 |     9 |       ||    19
       Potion            |       |     1 |     2 |     2 ||     5
  Eat: Chunk             |     1 |     7 |    13 |     1 ||    22
Armor: Scale mail        |    50 |    19 |       |       ||    69
       Chain mail        |       |    23 |    86 |     2 ||   111
       Plate armour      |       |       |       |     3 ||     3
Dodge: Dodged            |    31 |    37 |    59 |       ||   127
Block: Kite shield       |    60 |    72 |   156 |     7 ||   295
